 Dungeon Crawl Stone Soup version 0.21.1-1-g345015f (webtiles) character file.

1925 grindst0ne the Fighter (level 8, 0/68 HPs)
             Began as a Demonspawn Gladiator on Mar 7, 2018.
             Was a Priest of Okawaru.
             Splashed by a jelly's acid (5 damage)
             ... on level 7 of the Dungeon.
             The game lasted 00:12:50 (6190 turns).

grindst0ne the Fighter (Demonspawn Gladiator)       Turns: 6190, Time: 00:12:51

Health: 0/68       AC:  3    Str: 17    XL:     8   Next: 96%
Magic:  0/9        EV: 10    Int:  9    God:    Okawaru [***...]
Gold:   334        SH:  0    Dex: 15    Spells: 7/7 levels left

rFire    . . .     SeeInvis .   a - +0 war axe
rCold    . . .     Gourm    .   (no shield)
rNeg     . . .     Faith    .   s - +0 scale mail
rPois    +         Spirit   +   (helmet restricted)
rElec    .         Reflect  .   r - +0 cloak
rCorr    .         Harm     .   (no gloves)
MR       .....                  (no boots)
Stlth    ..........             (no amulet)
HPRegen  0.21/turn              g - ring of poison resistance
MPRegen  0.11/turn              B - ring of loudness

@: corroded, very slightly contaminated
A: antennae 2, demonic guardian 1, magic shield
a: Heroism, Renounce Religion


You were on level 7 of the Dungeon.
You worshipped Okawaru.
Okawaru was most pleased with you.
You were not hungry.

You visited 2 branches of the dungeon, and saw 8 of its levels.
You also visited: Sewer.

You collected 334 gold pieces.

Inventory:

Hand Weapons
 a - a +0 war axe (weapon)
 z - a +0 battleaxe
Missiles
 d - 3 throwing nets (quivered)
Armour
 c - a +0 helmet
 r - a +0 cloak (worn)
 s - a +0 scale mail (worn)
Jewellery
 g - a ring of poison resistance (left hand)
 x - a +3 ring of dexterity {unknown}
 B - a ring of loudness (right hand)
Wands
 m - a wand of flame (26)
 y - a wand of enslavement (4)
Scrolls
 b - a scroll of identify
 h - 2 scrolls of magic mapping
 j - 2 scrolls of fog {unknown}
 k - 5 scrolls of remove curse
 l - a scroll of teleportation {unknown}
 n - a scroll of blinking
 q - 3 scrolls of enchant armour
 E - a scroll of enchant weapon {unknown}
Potions
 e - a potion of flight
 i - 2 potions of haste
 o - 3 potions of agility
 p - a potion of might
 u - 2 potions of curing
 v - a potion of resistance {unknown}
 w - a potion of ambrosia
 A - a potion of brilliance {unknown}
 C - a potion of magic {unknown}
 D - a potion of mutation {unknown}
 F - a potion of berserk rage {unknown}
Comestibles
 f - 11 rations
 G - 2 chunks of flesh


   Skills:
 - Level 8.0 Fighting
 + Level 7.8 Axes
 - Level 1.7 Throwing
 + Level 1.5 Armour
 - Level 2.6 Dodging
 + Level 2.3 Invocations
 + Level 1.6 Evocations


You had 7 spell levels left.
You didn't know any spells.

Dungeon Overview and Level Annotations

Branches:
Dungeon (7/15)             Temple (1/1) D:4

Altars:
Ashenzari
Cheibriados
Dithmenos
Elyvilon
Fedhas
Gozag
Kikubaaqudgha
Makhleb
Nemelex Xobeh
Okawaru
Qazlal
Ru
Vehumet
Wu Jian
Yredelemnul
Zin
The Shining One

Shops:
D:6 *   D:7 (

Annotations:
D:7 Joseph


Innate Abilities, Weirdness & Mutations

You have a pair of antennae on your head.
A weak demonic guardian rushes to your aid.
When hurt, damage is shared between your health and your magic reserves.


Message History

Blink to where?
Press: ? - help, Dir - move target cursor You are very lightly contaminated with residual magic.
As you read the scroll labeled ZILEKA EKLOOB, it crumbles to dust.
It was a scroll of blinking.
Your white imp gestures at the orc warrior.
The puff of frost hits the orc warrior.
The orc warrior appears unharmed.
Your white imp hits the orc warrior but does no damage.
Your white imp gestures at the orc warrior.
The puff of frost hits the orc warrior.
Your white imp gestures at the orc warrior.
The puff of frost hits the orc warrior.
The orc warrior closely misses something.
A puff of frost appears from out of your range of vision.
The puff of frost hits Joseph.
There is a stone staircase leading up here.
The jelly hits you.
* * * LOW HITPOINT WARNING * * *
The acid corrodes you!
You are splashed with acid!
The acid burns!
You die...

**,,,** *,** #.# ****,,***
#*,* #.# **,,,**#.,*
#####.####
***,,##.########.o.T....#
**,........(#.....o...#
**##.............5...#
*...................#
******.#.......5.@.......#
*,,,,,......5@J...)(.....#
*,,,,,...................# **
*,,,,,...............(...#
,***,,,,,.......8.......).###
,,****,**###..............#
*,**,,,* ##.....#.......#
*,,,,*** ####∩##.......###
*,,,,********###.##....(..>.#*
,,,,,,,,,,,,..............#..#


You could see Joseph, a troll, a jelly, an orc, a friendly iron imp and a
friendly shadow imp.

Vanquished Creatures
  Pikel (D:5)
  A slave (D:5)
  A black bear (D:7)
  A centaur (D:5)
  A bullfrog (D:6)
  A big kobold (Sewer)
  4 crimson imps
  2 bullfrog zombies (D:5)
  3 hounds
  8 orc priests
  A bullfrog skeleton (D:6)
  3 iguanas
  5 orc wizards
  A centaur skeleton (D:4)
  4 worker ants
  A killer bee zombie (D:6)
  2 hound skeletons
  5 adders
  5 river rats
  A shadow imp (D:5)
  2 oozes
  4 adder skeletons
  An adder zombie (D:6)
  4 worms
  A dart slug (D:4)
  3 leopard geckos
  18 orcs
  5 giant cockroaches
  6 goblins
  8 hobgoblins
  4 jackals
  11 kobolds
  2 quokkas
  A ball python (D:3)
  4 bats
  A frilled lizard (D:3)
  A jackal skeleton (D:6)
  A jackal zombie (D:6)
  12 rats
140 creatures vanquished.

Vanquished Creatures (collateral kills)
  An orc warrior (D:7)
  A jelly (D:6)
  An orc wizard (D:3)
  An iguana (D:6)
  A worker ant (D:6)
  6 orcs
  A jackal (Sewer)
12 creatures vanquished.

Vanquished Creatures (others)
  An adder (D:5)
1 creature vanquished.

Grand Total: 153 creatures vanquished

Notes
Turn   | Place    | Note
-------+----------+-------------------------------------------
     0 | D:1      | grindst0ne the Demonspawn Gladiator began the quest for the Orb.
     0 | D:1      | Reached XP level 1. HP: 16/16 MP: 1/1
    51 | D:1      | Gained mutation: When hurt, damage is shared between your health and your magic reserves. [demonic ancestry]
    51 | D:1      | Reached XP level 2. HP: 19/23 MP: 2/2
   571 | D:2      | Gained mutation: A weak demonic guardian rushes to your aid. [demonic ancestry]
   571 | D:2      | Reached XP level 3. HP: 28/28 MP: 3/3
   730 | D:2      | Reached skill level 3 in Fighting
   764 | D:2      | Found a sparkling altar of Nemelex Xobeh.
  1301 | D:3      | Reached XP level 4. HP: 16/35 MP: 2/4
  1770 | D:3      | Reached XP level 5. HP: 42/42 MP: 5/5
  1875 | D:3      | Reached skill level 4 in Fighting
  2174 | D:4      | Found a staircase to the Ecumenical Temple.
  2180 | Temple   | Entered the Ecumenical Temple
  2191 | Temple   | Became a worshipper of Warmaster Okawaru
  2327 | D:4      | Reached XP level 6. HP: 40/49 MP: 4/6
  2437 | D:4      | Reached skill level 5 in Fighting
  2437 | D:4      | Reached skill level 5 in Axes
  2591 | D:4      | Found an opulent altar of Gozag.
  2657 | D:4      | Reached * piety under Okawaru
  2718 | D:4      | Found a glowing drain.
  2730 | Sewer    | Entered a sewer
  3039 | Sewer    | Found a glowing silver altar of Zin.
  3289 | D:4      | Gained mutation: You have a pair of small antennae on your head. [demonic ancestry]
  3289 | D:4      | Reached XP level 7. HP: 56/56 MP: 7/7
  3638 | D:5      | Entered Level 5 of the Dungeon
  3698 | D:5      | Found a shadowy altar of Dithmenos.
  3760 | D:5      | Found a sacrificial altar of Ru.
  3845 | D:5      | Reached skill level 6 in Fighting
  3920 | D:5      | Found an ornate altar of the Wu Jian Council.
  4331 | D:5      | Noticed Pikel
  4346 | D:5      | Killed Pikel
  4346 | D:5      | Reached ** piety under Okawaru
  4346 | D:5      | Reached skill level 7 in Fighting
  4346 | D:5      | Gained mutation: You have a pair of antennae on your head. [demonic ancestry]
  4346 | D:5      | Reached XP level 8. HP: 20/67 MP: 2/8
  4904 | D:6      | Found an ancient bone altar of Kikubaaqudgha.
  4905 | D:6      | Found Xaos's Blasphemy Boutique.
  5442 | D:6      | Reached skill level 8 in Fighting
  5775 | D:6      | Reached skill level 1 in Invocations
  6044 | D:7      | Found Yliog's Weapon Emporium.
  6053 | D:7      | Reached skill level 1 in Armour
  6053 | D:7      | Reached skill level 1 in Evocations
  6063 | D:7      | Reached *** piety under Okawaru
  6128 | D:7      | Noticed Joseph
  6173 | D:7      | HP: 3/68 [Joseph/quarterstaff (8)]
  6181 | D:7      | Noticed a troll
  6190 | D:7      | Splashed by a jelly's acid

Skill      XL: |  1  2  3  4  5  6  7  8 |
---------------+-------------------------+-----
Axes           | 3 4 5 7 |  7.8
Fighting       | 3 4 5 7 8 |  8.0
Invocations    | 2 |  2.3
Armour         | 1 |  1.5
Evocations     | 1 |  1.6
Throwing       | |  1.7
Dodging        | |  2.6

Action                   |  1- 3 |  4- 6 |  7- 9 || total
-------------------------+-------+-------+-------++-------
Melee: War axe           |    86 |   197 |   255 ||   538
Evoke: Wand              |       |       |     2 ||     2
  Use: Scroll            |       |     4 |     4 ||     8
       Potion            |       |     7 |     2 ||     9
 Stab: Distracted        |       |     1 |     6 ||     7
  Eat: Chunk             |     1 |     7 |    10 ||    18
Armor: Ring mail         |    38 |     2 |       ||    40
       Scale mail        |       |    71 |   127 ||   198
Dodge: Dodged            |    55 |   110 |   133 ||   298
